 Dungeon Crawl Stone Soup version 0.20-a0-513-g02c11fc (webtiles) character file.

52 rgaf the Ruffian (level 3, -1/28 HPs)
             Began as a Draconian Transmuter on Jan 22, 2017.
             Slain by a white imp (4 damage)
             ... summoned by Natasha
             ... on level 2 of the Dungeon.
             The game lasted 00:01:50 (1542 turns).

rgaf the Ruffian (Draconian Transmuter)             Turns: 1542, Time: 00:01:50

Health: -1/28      AC:  9    Str: 13    XL:     3   Next: 60%
Magic:  6/6        EV: 12    Int: 13    God:
Gold:   93         SH:  0    Dex: 11    Spells: 5/6 levels left

rFire    . . .     SeeInvis .     - Unarmed
rCold    . . .     Gourm    .   (armour unavailable)
rNeg     . . .     Faith    .   (no shield)
rPois    .         Spirit   .   (helmet restricted)
rElec    .         Reflect  .   (no cloak)
rCorr    .         Harm     .   (no gloves)
MR       .....                  (no boots)
Stlth    +.........             (no amulet)
Regen    0.1/turn               (no ring)
                                h - +4 ring of protection

@: no status effects
A: unfitting armour, cold-blooded, AC +5
a: no special abilities


You were on level 2 of the Dungeon.
You were not hungry.

You visited 1 branch of the dungeon, and saw 2 of its levels.

You collected 93 gold pieces.

Inventory:

Missiles
 a - 12 arrows
Jewellery
 h - a +4 ring of protection (left hand)
 j - an uncursed ring of ice
Scrolls
 e - a scroll of blinking {unknown}
 i - a scroll of teleportation {unknown}
 m - a scroll of fog {unknown}
 n - 5 scrolls of identify {unknown}
 o - 2 scrolls of fear {unknown}
 p - a scroll of remove curse {unknown}
 r - a scroll of enchant armour {unknown}
Potions
 g - 2 potions of heal wounds {unknown}
 k - a potion of agility
 l - a potion of magic {unknown}
Books
 b - a book of Changes

   Spells                             Type                      Level
   a - Beastly Appendage              Transmutation                1
   b - Sticks to Snakes               Transmutation                2
   c - Spider Form                    Transmutation/Poison         3
   d - Ice Form                       Ice/Transmutation            4
   e - Blade Hands                    Transmutation                5
Comestibles
 c - a bread ration
 d - 2 meat rations
 f - 7 fruits
 q - 5 chunks of flesh


   Skills:
 - Level 1.1 Fighting
 - Level 1.7 Dodging
 + Level 4.6 Unarmed Combat
 - Level 2.0 Spellcasting
 - Level 2.0 Transmutations


You had 5 spell levels left.
You knew the following spells:

 Your Spells              Type           Power        Failure   Level  Hunger
a - Beastly Appendage     Tmut           #.....       12%         1    ##.....


Dungeon Overview and Level Annotations

Branches:
Dungeon (2/15)

Altars:
Gozag
Zin

Annotations:
D:2 Natasha


Innate Abilities, Weirdness & Mutations

Your plain brown scales are hard. (AC +5)
You cannot fit into any form of body armour.
You are cold-blooded and may be slowed by cold attacks.


Message History

You hit Natasha.
Natasha is severely wounded.
The white imp closely misses you. Natasha misses you.
You barely miss Natasha.
Natasha is severely wounded.
The white imp closely misses you. Natasha claws you but does no damage.
You miss Natasha.
Natasha is severely wounded.
The white imp hits you but does no damage.
Natasha howls an incantation.
You feel troubled. Natasha casts a spell at you. The magic dart hits you!
* * * LOW HITPOINT WARNING * * *
You barely miss Natasha.
Natasha is severely wounded.
The white imp hits you.
* * * LOW HITPOINT WARNING * * *
The white imp freezes you.
You die...

# #
###################
..>...............#
............#####.#
###.#.#####.# #.#
###.#.# #.# ###.###
....#.# #.# #.@...#
#####.# #.# #h5^..#
#.# #.##.........#
#.# #.##.#######.#
#.# #.##. # #.# #.
#.. . .


You could see Natasha and a white imp.

Vanquished Creatures
  2 gnolls (D:1)
  A worm (D:2)
  A dart slug (D:1)
  A leopard gecko (D:2)
  2 giant cockroaches
  6 goblins
  4 hobgoblins
  3 bats (D:1)
  A frilled lizard (D:2)
  A kobold (D:2)
  5 rats
27 creatures vanquished.

Notes
Turn   | Place    | Note
-------+----------+-------------------------------------------
     0 | D:1      | rgaf the Draconian Transmuter began the quest for the Orb.
     0 | D:1      | Reached XP level 1. HP: 16/16 MP: 3/3
    23 | D:1      | Reached XP level 2. HP: 13/23 MP: 5/5
   219 | D:1      | Reached skill level 4 in Unarmed Combat
   628 | D:1      | Reached XP level 3. HP: 28/28 MP: 6/6
   840 | D:1      | You fall through a shaft!
  1207 | D:2      | Found an opulent altar of Gozag.
  1208 | D:2      | Found a glowing silver altar of Zin.
  1530 | D:2      | Noticed Natasha
  1542 | D:2      | Slain by a white imp

Vault maps used:
D:1:      lightli_molten_gateway, kennysheep_decorative_pillar
D:2:      grunt_temple_overflow_gold_and_silver, first_bread, uniq_natasha

Skill      XL: |  1  2 |
---------------+-------+-----
Unarmed Combat | 4 |  4.6
Fighting       | |  1.1
Dodging        | |  1.7
Spellcasting   | |  2.0
Transmutations | |  2.0

Action                   || total
-------------------------++-------
Melee: Unarmed           ||    98
       Tailslap          ||    15
       Punch             ||     1
 Stab: Sleeping          ||     1
  Eat: Chunk             ||     2
Armor: Skin              ||    37
Dodge: Dodged            ||    56
